 Dungeon Sprint DCSS version 0.30.0-19-g36f170ea60 (webtiles) character file.

Game seed: 198132498864428815

900000 Groucho the Acrobat (level 10, -19/46 HPs)
             Began as a Spriggan Warper on May 27, 2023.
             Was a Follower of Makhleb.
             Demolished by a meat berserker
             ... wielding a +9 battleaxe
              (33 damage)
             ... in the Dungeon (Sprint VIII: "Arena of Blood").
             The game lasted 00:00:43 (9 turns).

Groucho the Acrobat (Spriggan Warper)                  Turns: 9, Time: 00:00:43

Health: -19/46     AC:  2    Str:  7    XL:     10   Next: 77%
Magic:  15/15      EV: 33    Int: 18    God:    Makhleb [*.....]
Gold:   0          SH:  0    Dex: 16    Spells: 14/14 levels left

rFire   . . .        j - +∞ Axe of Woe
rCold   . . .        (shield currently unavailable)
rNeg    . . .        b - +0 robe
rPois   .            (helmet restricted)
rElec   .            (no cloak)
rCorr   .            (gloves unavailable)
SInv    +            (boots unavailable)
Will    +....        (no amulet)
Stlth   +            (no ring)
HPRegen 0.27/turn    (no ring)
MPRegen 0.14/turn

%: no teleportation
@: very quick
A: very small, no large weapons, unfitting armour, see invisible, speed 3
a: Renounce Religion


You were in the Dungeon.
You worshipped Makhleb.
Makhleb was aware of your devotion.
You visited 1 branch

Inventory:

Hand Weapons
 a - a +0 hand axe
 j - the +∞ Axe of Woe (weapon)
   (You found it in the Dungeon)
Missiles
 d - 7 boomerangs of dispersal (quivered)
Armour
 b - a +0 robe (worn)
Scrolls
 c - 2 scrolls of blinking
Potions
 e - a potion of curing
 f - a potion of heal wounds
 g - a potion of haste
 h - 2 potions of magic
 i - a potion of berserk rage


   Skills:
 - Level 1.5 Fighting
 + Level 15.6 Axes
 - Level 1.0 Throwing
 + Level 23.1 Dodging
 - Level 2.6 Spellcasting
 - Level 4.4 Translocations


You had 14 spell levels left.
You didn't know any spells.
Your spell library contained the following spells:

 Spells                   Type           Power      Damage    Failure   Level
 Blink                    Tloc           36%        N/A       4%          2
 Lesser Beckoning         Tloc           36%        N/A       4%          2
 Teleport Other           Tloc           18%        N/A       9%          3
 Vhi's Electric Charge    Tloc/Air       20%        N/A       21%         3
 Manifold Assault         Tloc           18%        N/A       28%         4


Dungeon Overview and Level Annotations

Branches:
Dungeon (1/1)

Altars:
Makhleb


Innate Abilities, Weirdness & Mutations

You are very small and have problems with some larger weapons.
You are too small for most types of armour.
You have supernaturally acute eyesight. (SInv)
You cover ground extremely quickly. (Speed+++)


Message History

You have reached level 9!
Your experience leads to an increase in your attributes!
Increase (S)trength, (I)ntelligence, or (D)exterity?
You feel clever. x2
You have reached level 10!
You feel agile.
Unknown command.
Press < or > to pray at altars.
Unknown command.
Press < or > to pray at altars.
Unknown command.
Press < or > to pray at altars.
Unknown command.
Press < or > to pray at altars.
Unknown command.
Press < or > to pray at altars.
This spell is quite dangerous to cast!
Memorise Manifold Assault, consuming 4 spell levels and leaving 10?
You hear a shout! x7
You start memorising the spell.
You continue memorising.
You hear a shout! x3
The meat berserker rages.
You hear a shout! x6
You continue memorising.
The meat berserker rages.
You hear a shout! x4
The meat berserker hits you with a +9 battleaxe!!
Your memorisation is interrupted.
Ouch! That really hurt!
You hear a shout!
You slash the meat berserker!
You slaughter the meat berserker joyfully.
You kill the meat berserker!
Makhleb accepts your kill.
You can now gain health from killing.
You hear a shout! x4
A meat berserker comes into view. It is wielding a +9 battleaxe.
You hear a shout!
The meat berserker hits you with a +9 battleaxe!!
Ouch! That really hurt!
You die...

..... .. #.oo
.# . #... ..#
..###... ..###.
......###......
....._......
#O....# #@)o._#
#)....#
...o._....O.
......###......
..###... ..###.
. #... ..# #...
.# ..... ..


You could see 2 meat berserkers and 4 bags of meat.

Vanquished Creatures
  An ogre (D)
  An orc (D)
2 creatures vanquished.

Notes
Turn   | Place    | Note
-------+----------+-------------------------------------------
     0 | D        | Found the +∞ Axe of Woe
     0 | D        | Groucho the Spriggan Warper began the quest for the Orb.
     0 | D        | Reached XP level 1. HP: 10/10 MP: 5/5
     1 | D        | Noticed a bag of meat
     4 | D        | Became a worshipper of Makhleb the Destroyer
     4 | D        | Noticed a bag of meat
     4 | D        | Noticed a meat berserker
     5 | D        | Killed a bag of meat
     5 | D        | Noticed a bag of meat
     5 | D        | Noticed a meat berserker
     6 | D        | Reached skill level 15 in Axes
     6 | D        | Reached skill level 23 in Dodging
     6 | D        | Reached XP level 2. HP: 14/14 MP: 6/6
     6 | D        | Reached XP level 3. HP: 18/18 MP: 8/8
     6 | D        | Reached XP level 4. HP: 22/22 MP: 9/9
     6 | D        | Reached XP level 5. HP: 25/25 MP: 10/10
     6 | D        | Reached XP level 6. HP: 30/30 MP: 11/11
     6 | D        | Reached XP level 7. HP: 33/33 MP: 12/12
     6 | D        | Reached XP level 8. HP: 37/37 MP: 13/13
     6 | D        | Reached XP level 9. HP: 41/41 MP: 14/14
     6 | D        | Reached XP level 10. HP: 46/46 MP: 15/15
     7 | D        | Noticed a bag of meat
     8 | D        | Noticed a bag of meat
     9 | D        | Killed a meat berserker
     9 | D        | Reached * piety under Makhleb
     9 | D        | Noticed a meat berserker
     9 | D        | Demolished by a meat berserker

Illustrated notes

Levels and vault maps discovered:
D:        meatsprint

Skill      XL: |  1 |
---------------+----+-----
Axes           | 15 | 15.6
Dodging        | 23 | 23.1
Fighting       | |  1.5
Throwing       | |  1.0
Spellcasting   | |  2.6
Translocations | |  4.4

Action                     |  1- 3 |  4- 6 |  7- 9 | 10-12 || total
---------------------------+-------+-------+-------+-------++-------
  Melee: Broad axe         |     1 |       |       |     1 ||     2
